 Dungeon Crawl Stone Soup version bcrawl-1.35.1 (webtiles) character file.

Game seed: 2419801153266377204

343609 zoran the Quickloader (level 10, -1/81 HPs)
             Began as a Yellow Draconian Wanderer on Jan 15, 2022.
             Was a High Priest of Okawaru.
             Slain by a black mamba (18 damage)
             ... on level 1 of the Lair of Beasts.
             The game lasted 00:18:11 (8297 turns).

zoran the Quickloader (Yellow Draconian Wanderer)   Turns: 8297, Time: 00:18:11

Health: -1/81      AC: 11    Str: 16    XL:     10   Next: 64%
Magic:  11/13      EV: 25    Int: 12    God:    Okawaru [*****.]
Gold:   461        SH:  0    Dex: 13    Spells: 9/9 levels left

rFire    . . .     SeeInvis +   t - +3 flail
rCold    . . .     Gourm    .   (no shield)
rNeg     . . .     Faith    .   (armour unavailable)
rPois    .         Spirit   .   H - +2 hat
rElec    .         Reflect  .   C - +0 cloak
rCorr    +                      g - +0 pair of gloves
MR       .....                  (no boots)
Stlth    +++.......             (no amulet)
HPRegen  0.23/turn              G - +5 ring of evasion
MPRegen  0.13/turn              x - ring of see invisible

@: heroism
A: spit acid, acid resistance, unfitting armour, cold-blooded, AC +7
a: Breathe Acid, Heroism, Finesse, Renounce Religion


You were on level 1 of the Lair of Beasts.
You worshipped Okawaru.
Okawaru was extremely pleased with you.
You were hungry.

You visited 3 branches of the dungeon, and saw 10 of its levels.
You also visited: Ice Cave.

You collected 655 gold pieces.
You spent 194 gold pieces at shops.

Inventory:

Hand Weapons
 a - a +2 hand crossbow
 o - a +2 short sword of protection
 t - a +3 flail (weapon)
 F - the +2 spear "Ryune" {venom, Int+3}
   (You found it on level 7 of the Dungeon)

   It poisons the flesh of those it strikes.
   It affects your intelligence (+3).
Missiles
 b - 322 bolts
 h - 1354 stones (quivered)
 n - 341 poisoned needles
Armour
 g - a +0 pair of gloves (worn)
 C - a +0 cloak (worn)
 H - a +2 hat (worn)
Jewellery
 k - a cursed -4 ring of protection {unknown}
 x - a ring of see invisible (right hand)
 G - a +5 ring of evasion (left hand)
 M - the cursed ring of the Ancients {Ice rPois}
   (You took it off an orc warrior on level 8 of the Dungeon)

   [ring of ice]

   It enhances your ice magic.
   It makes you vulnerable to fire.
   It protects you from cold.
   It protects you from poison.
   It has a curse placed upon it.
Wands
 r - a wand of enslavement (7)
Scrolls
 c - a scroll of amnesia
 i - a scroll of enchant armour {unknown}
 j - 6 scrolls of remove curse
 m - 3 scrolls of fear {unknown}
 q - 3 scrolls of fog {unknown}
 s - 2 scrolls of enchant weapon
 u - 5 scrolls of teleportation
 y - 2 scrolls of summoning
 I - 2 scrolls of blinking {unknown}
Potions
 d - a potion of agility
 f - a potion of cancellation
 l - 6 potions of brilliance
 p - a potion of ambrosia
 v - 2 potions of lignification
 z - 2 potions of heal wounds
 A - a potion of curing
 B - a potion of flight
 D - a potion of might {unknown}
 E - a potion of degeneration {unknown}
 J - 2 potions of mutation
 K - 2 potions of haste {unknown}
 L - a potion of resistance {unknown}
Comestibles
 e - 14 rations {!d}
 w - 2 chunks of flesh


   Skills:
 - Level 5.0(10.0) Fighting
 + Level 9.7(14.7) Crossbows
 - Level 1.0(6.0) Throwing
 + Level 9.4(14.4) Dodging
 - Level 2.0(7.0) Stealth
 - Level 5.0 Invocations
 - Level 5.0 Evocations


You had 9 spell levels left.
You didn't know any spells.
Your spell library contained the following spells:

 Spells                   Type           Power        Failure   Level  Hunger
 Apportation              Tloc           #.....       32%         1    None
 Infusion                 Chrm           #.......     32%         1    None
 Sandblast                Erth           #.....       32%         1    None
 Slow                     Hex            #.......     32%         1    None
 Summon Butterflies       Summ           #.......     32%         1    None


Dungeon Overview and Level Annotations

Branches:
Dungeon (8/12)             Temple (1/1) D:4            Lair (1/6) D:8
    Orc: D:8-11

Altars:
Ashenzari
Cheibriados
Dithmenos
Elyvilon
Fedhas
Gozag
Hepliaklqana
Makhleb
Nemelex Xobeh
Okawaru
Qazlal
Ru
Sif Muna
Trog
Uskayaw
Vehumet
Wu Jian
Xom
Yredelemnul
Zin
The Shining One

Shops:
D:6 *   D:7 =   D:8 [

Annotations:
D:4 2 transporters, yrara's ghost, novice DsFi


Innate Abilities, Weirdness & Mutations

You can spit globs of acid.
You are resistant to acid.
Your golden yellow scales are hard. (AC +7)
You cannot fit into any form of body armour.
You are cold-blooded and may be slowed by cold attacks.


Message History

You miss the black mamba.
The black mamba is severely wounded.
The black mamba misses you. The black mamba completely misses you.
You miss the black mamba.
You tail-slap the black mamba, but do no damage.
The black mamba is severely wounded.
The black mamba completely misses you. The black mamba bites you!
* * * LOW HITPOINT WARNING * * *
You sock the black mamba!
The black mamba is almost dead.
The black mamba barely misses you. The black mamba completely misses you.
The black mamba closely misses you.
You hit the black mamba.
The black mamba is almost dead.
The black mamba completely misses you. The black mamba closely misses you.
You barely miss the black mamba.
You tail-slap the black mamba, but do no damage.
The black mamba is almost dead.
The black mamba misses you. The black mamba bites you!!
You die...

###..# ........ .......
...............
........................
........................
........................
........................
.#......................
##...............S......
......# #.......@.......
....#.###........#..###.
.....###.......### ##
......##.......#
...............#
..............##
#.............#
.#..........###
..........###


You could see a black mamba.

Vanquished Creatures
  An ugly thing (D:8)
  A komodo dragon (Lair:1)
  An ice devil (Lair:1)
  A troll (D:7)
  2 hippogriffs
  A yak (D:7)
  3 hogs (D:7)
  A human (D:7)
  3 hungry ghosts
  Menkaure (D:4)
  2 wargs (D:8)
  An ice beast (D:8)
  4 orc warriors
  A phantom (D:4)
  3 sky beasts
  A boggart (D:8)
  A black bear (D:7)
  3 ogres
  A centaur (D:8)
  5 bullfrogs
  Blork the orc (D:4)
  2 big kobolds
  3 wights (D:8)
  A howler monkey (D:7)
  4 orc priests
  3 crimson imps
  A bullfrog zombie (D:6)
  3 centaur zombies
  3 hounds
  A jelly (D:7)
  A centaur skeleton (D:6)
  2 bullfrog skeletons
  3 orc wizards (D:3)
  An iguana (D:7)
  7 worker ants
  A hound skeleton (D:6)
  9 adders
  3 gnolls (D:8)
  A shadow imp (D:5)
  13 white imps
  5 ufetubi
  An adder skeleton (D:8)
  2 worms (D:3)
  4 dart slugs
  3 leopard geckos
  22 orcs
  A ball python (D:3)
  A giant cockroach (D:1)
  4 goblins
  3 hobgoblins
  2 jackals (D:5)
  16 kobolds
  4 quokkas
  A frilled lizard (D:3)
  A quokka skeleton (D:6)
  8 rats
178 creatures vanquished.

Vanquished Creatures (others)
  2 white imps (IceCv)
  6 ufetubi (IceCv)
  A plant (D:8)
9 creatures vanquished.

Grand Total: 187 creatures vanquished

Notes
Turn   | Place    | Note
-------+----------+-------------------------------------------
     0 | D:1      | zoran the Draconian Wanderer began the quest for the Orb.
     0 | D:1      | zoran set off with the following items: a +2 hand crossbow,
                  | 132 bolts, a potion of berserk rage, a potion of agility, a
                  | ration {!d}
     0 | D:1      | Reached XP level 1. HP: 22/22 MP: 1/1
   292 | D:1      | Reached XP level 2. HP: 23/28 MP: 2/2
  1350 | D:2      | Reached XP level 3. HP: 16/34 MP: 3/3
  2022 | D:3      | Reached XP level 4. HP: 41/41 MP: 4/4
  2379 | D:3      | Reached skill level 5 in Fighting
  2405 | D:3      | Reached XP level 5. HP: 41/48 MP: 5/5
  2556 | D:4      | Found a staircase to the Ecumenical Temple.
  2561 | Temple   | Entered the Ecumenical Temple
  3018 | Temple   | Became a worshipper of Warmaster Okawaru
  3062 | D:4      | Found a transporter.
  3067 | D:4      | Noticed yrara's ghost (novice DsFi)
  3101 | D:4      | Noticed an ogre
  3107 | D:4      | Killed an ogre
  3221 | D:4      | Noticed an ogre
  3329 | D:4      | Found a transporter.
  3383 | D:4      | Noticed a phantom
  3393 | D:4      | Killed a phantom
  3394 | D:4      | Reached XP level 6. HP: 43/56 MP: 6/6
  3530 | D:4      | Noticed Blork the orc
  3542 | D:4      | Killed Blork the orc
  3542 | D:4      | Reached * piety under Okawaru
  3580 | D:4      | Reached skill level 5 in Crossbows
  3580 | D:4      | Your scales start taking on a golden yellow colour.
  3580 | D:4      | Reached XP level 7. HP: 61/61 MP: 7/7
  3583 | D:4      | Noticed Menkaure
  3593 | D:4      | Killed Menkaure
  3770 | D:5      | Entered Level 5 of the Dungeon
  3822 | D:4      | Reached skill level 5 in Dodging
  4001 | D:5      | Reached skill level 1 in Invocations
  4235 | D:5      | Reached ** piety under Okawaru
  4399 | D:5      | Reached XP level 8. HP: 64/68 MP: 9/9
  5124 | D:6      | Found Jiem's Assorted Antiques.
  5133 | D:6      | Bought a scroll labeled VOHAGI UNYMMA for 25 gold pieces
  5133 | D:6      | Bought a purple potion for 22 gold pieces
  5133 | D:6      | Bought a ruby potion for 22 gold pieces
  5133 | D:6      | Bought a scroll of identify for 50 gold pieces
  5133 | D:6      | Bought a scroll of teleportation for 75 gold pieces
  5632 | D:7      | Reached skill level 5 in Invocations
  5660 | D:7      | Got a buzzing spear
  5685 | D:7      | Reached *** piety under Okawaru
  5686 | D:7      | Reached XP level 9. HP: 74/74 MP: 12/12
  5703 | D:7      | Reached skill level 1 in Evocations
  5770 | D:7      | Identified the cursed +2 spear "Ryune" {venom, Int+3} (You
                  | found it on level 7 of the Dungeon)
  6065 | D:7      | Reached **** piety under Okawaru
  6262 | D:7      | Found a hide-covered altar of Uskayaw.
  6398 | D:7      | Noticed a troll
  6416 | D:7      | Found Xevumosk's Jewellery Emporium.
  6431 | D:7      | Killed a troll
  6571 | D:8      | Found a staircase to the Lair.
  6619 | D:8      | Found Voaneewn's Antique Armour Emporium.
  6807 | D:8      | Reached XP level 10. HP: 81/81 MP: 13/13
  6812 | D:8      | Identified the cursed ring of the Ancients {Ice rPois}
  6831 | D:8      | Reached skill level 5 in Evocations
  7481 | D:8      | Noticed a cyan ugly thing
  7495 | D:8      | Killed a cyan ugly thing
  7670 | D:8      | Reached ***** piety under Okawaru
  7766 | Lair:1   | Entered Level 1 of the Lair of Beasts
  7880 | Lair:1   | Found a frozen archway.
  7974 | IceCv    | Entered an ice cave
  8232 | Lair:1   | Received a gift from Okawaru
  8267 | Lair:1   | Noticed a black mamba
  8297 | Lair:1   | Slain by a black mamba

Skill      XL: |  1  2  3  4  5  6  7  8  9 10 |
---------------+-------------------------------+-----
Crossbows      | 3 4 5 6 7 8 9 |  9.7
Dodging        | 2 3 4 5 6 8 9 |  9.4
Stealth        | 2 |  2.0
Fighting       | 5 |  5.0
Invocations    | 2 5 |  5.0
Evocations     | 4 5 |  5.0
Throwing       | |  1.0

Action                   |  1- 3 |  4- 6 |  7- 9 | 10-12 || total
-------------------------+-------+-------+-------+-------++-------
Melee: Unarmed           |    94 |       |       |       ||    94
       Tailslap          |    11 |     4 |    29 |    25 ||    69
       Short sword       |    19 |    28 |   164 |    82 ||   293
       Spear             |       |       |    50 |    76 ||   126
       Flail             |       |       |       |     7 ||     7
       Punch             |       |       |       |     3 ||     3
 Fire: Hand crossbow     |    11 |    61 |   181 |    93 ||   346
Throw: Stone             |     1 |       |    10 |     3 ||    14
Invok: Heroism           |       |       |    10 |     8 ||    18
 Abil: Breathe Acid      |       |       |    19 |     6 ||    25
Evoke: Wand              |       |       |     2 |     2 ||     4
  Use: Potion            |       |     1 |       |     3 ||     4
       Scroll            |       |       |    13 |     2 ||    15
 Stab: Sleeping          |     2 |       |       |     2 ||     4
       Invisible         |       |       |       |     5 ||     5
  Eat: Chunk             |     6 |     5 |    22 |    12 ||    45
       Ration            |       |     1 |     1 |       ||     2
Armor: Skin              |    26 |     6 |   117 |    49 ||   198
Dodge: Dodged            |    60 |    29 |   260 |   472 ||   821
